NCAA
LOUISIANA STATE TIGERS @ VIRGINIA CAVALIERS
04/28/2023
 
TOP OF THE 1ST
Louisiana State Tigers batting - Pitching for Virginia Cavaliers : RHP Cipriano Hernández
Pitching: RHP Cipriano Hernández
Batting: RHB Clint Younger 0-0: Called Strike
0-1: Foul Ball, location: 2F
0-2: Ball
1-2: Ball
2-2: Strikes out swinging
Batting: RHB Ashton Mitchell 0-0: Ball
1-0: Called Strike
1-1: Foul Ball, location: 2F
1-2: Foul Ball, location: 2F
1-2: Ball
2-2: Ball
3-2: Foul Ball, location: 2F
3-2: Foul Ball, location: 2F
3-2: Base on Balls
Batting: RHB Mike O'Brien 0-0: Ball
1-0: Ball
2-0: Swinging Strike
2-1: Called Strike
2-2: Strikes out swinging
Batting: RHB Chris McBride 0-0: Ball
Ashton Mitchell is caught stealing 2nd base
Top of the 1st over - 0 run(s), 0 hit(s), 0 error(s), 0 left on base; Louisiana State 0 - Virginia 0
BOTTOM OF THE 1ST
Virginia Cavaliers batting - Pitching for Louisiana State Tigers : RHP Sam McDonald
Pitching: RHP Sam McDonald
Batting: LHB John Frost 0-0: Bunt missed!
0-1: Fly out, F8 (Flyball, 8LM)
Batting: RHB Curt Owens 0-0: Foul Ball, location: 2F
0-1: Swinging Strike
0-2: Foul Ball, location: 2F
0-2: Strikes out swinging
Batting: RHB John Warren 0-0: Ground out 5-3 (Groundball, 56)
Bottom of the 1st over - 0 run(s), 0 hit(s), 0 error(s), 0 left on base; Louisiana State 0 - Virginia 0
TOP OF THE 2ND
Louisiana State Tigers batting - Pitching for Virginia Cavaliers : RHP Cipriano Hernández
Batting: RHB Chris McBride 0-0: Ball
1-0: Ball
2-0: Ground out 5-3 (Groundball, 5)
Batting: LHB Steve Sanderson 0-0: Called Strike
0-1: Ground out 4-3 (Groundball, 4)
Batting: LHB Joaquín Ochoa 0-0: Called Strike
0-1: Ball
1-1: Ball
2-1: Ball
3-1: Called Strike
3-2: Foul Ball, location: 2F
3-2: Strikes out looking
Top of the 2nd over - 0 run(s), 0 hit(s), 0 error(s), 0 left on base; Louisiana State 0 - Virginia 0
BOTTOM OF THE 2ND
Virginia Cavaliers batting - Pitching for Louisiana State Tigers : RHP Sam McDonald
Batting: LHB José Márquez 0-0: Ball
1-0: Ball
2-0: Swinging Strike
2-1: Foul Ball, location: 2F
2-2: Ground out 5-3 (Groundball, 56S)
Batting: RHB Rafael Ornelas 0-0: Ball
1-0: Swinging Strike
1-1: Swinging Strike
1-2: Ball
2-2: Strikes out swinging
Batting: RHB John Dorsey 0-0: Reached on error, E1 (Groundball, 13)
Batting: RHB Ty Ford 0-0: Foul Ball, location: 2F
0-1: Ball
1-1: Ball
2-1: Ground out 1-3 (Groundball, 15)
Bottom of the 2nd over - 0 run(s), 0 hit(s), 1 error(s), 1 left on base; Louisiana State 0 - Virginia 0
TOP OF THE 3RD
Louisiana State Tigers batting - Pitching for Virginia Cavaliers : RHP Cipriano Hernández
Batting: RHB Sergio Mata 0-0: Ball
1-0: Ball
2-0: Ground out 4-3 (Groundball, 13)
Batting: RHB George Arnold 0-0: Foul Ball, location: 2F
0-1: Called Strike
0-2: Ball
1-2: Strikes out swinging
Batting: RHB Juan Carlos Ortega 0-0: Ball
1-0: Ball
2-0: Ball
3-0: Hit by Pitch
Batting: RHB Clint Younger 0-0: Ball
1-0: SINGLE (Groundball, 56D)
Juan Carlos Ortega to second
Batting: RHB Ashton Mitchell 0-0: Ball
1-0: Swinging Strike
1-1: Called Strike
1-2: Ball
2-2: Ball
3-2: Strikes out looking
Top of the 3rd over - 0 run(s), 1 hit(s), 0 error(s), 2 left on base; Louisiana State 0 - Virginia 0
BOTTOM OF THE 3RD
Virginia Cavaliers batting - Pitching for Louisiana State Tigers : RHP Sam McDonald
Batting: RHB David Crosby 0-0: Called Strike
0-1: Foul Ball, location: 2F
0-2: Ball
1-2: Foul Ball, location: 2F
1-2: Ground out 5-3 (Groundball, 56)
Batting: RHB Flynn Green 0-0: Ball
1-0: Ball
2-0: Bunt for hit - play at first, batter OUT! 1-3
Batting: LHB John Frost 0-0: Called Strike
0-1: Called Strike
0-2: Ball
1-2: Fly out, F7 (Flyball, 7M)
Bottom of the 3rd over - 0 run(s), 0 hit(s), 0 error(s), 0 left on base; Louisiana State 0 - Virginia 0
TOP OF THE 4TH
Louisiana State Tigers batting - Pitching for Virginia Cavaliers : RHP Cipriano Hernández
Batting: RHB Mike O'Brien 0-0: Ball
1-0: Ball
2-0: SINGLE (Line Drive, 56)
Batting: RHB Chris McBride 0-0: Called Strike
0-1: Swinging Strike
0-2: Foul Ball, location: 2F
0-2: Ball
1-2: Ball
2-2: Fielders Choice at 2nd, 6-4 (Groundball, 6)
Batting: LHB Steve Sanderson 0-0: SINGLE (Groundball, 34D) (infield hit)
Chris McBride to second
Batting: LHB Joaquín Ochoa 0-0: Called Strike
0-1: Ball
1-1: 3-RUN HOME RUN (Flyball, 9LD), Distance : 321 ft
Batting: RHB Sergio Mata 0-0: Ball
1-0: Called Strike
1-1: Ball
2-1: Ball
3-1: Foul Ball, location: 2F
3-2: Base on Balls
Batting: RHB George Arnold 0-0: Ball
1-0: Ball
2-0: Ball
3-0: Base on Balls
Sergio Mata to second
Batting: RHB Juan Carlos Ortega 0-0: Fly out, F7 (Flyball, 7S)
Batting: RHB Clint Younger 0-0: Ground out 6-3 (Groundball, 6)
Top of the 4th over - 3 run(s), 3 hit(s), 0 error(s), 2 left on base; Louisiana State 3 - Virginia 0
BOTTOM OF THE 4TH
Virginia Cavaliers batting - Pitching for Louisiana State Tigers : RHP Sam McDonald
Batting: RHB Curt Owens 0-0: Foul Ball, location: 2F
0-1: Foul Ball, location: 2F
0-2: Strikes out swinging
Batting: RHB John Warren 0-0: Ball
1-0: Ball
2-0: Ball
3-0: Called Strike
3-1: Foul Ball, location: 2F
3-2: Strikes out looking
Batting: LHB José Márquez 0-0: Ground out U3 (Groundball, 3)
Bottom of the 4th over - 0 run(s), 0 hit(s), 0 error(s), 0 left on base; Louisiana State 3 - Virginia 0
TOP OF THE 5TH
Louisiana State Tigers batting - Pitching for Virginia Cavaliers : RHP Cipriano Hernández
Batting: RHB Ashton Mitchell 0-0: Called Strike
0-1: Foul Ball, location: 2F
0-2: Ball
1-2: Ball
2-2: Fly out, F3 (Popup, 34D)
Pitching: RHP Doug Caine
Batting: RHB Mike O'Brien 0-0: Ball
1-0: Called Strike
1-1: Ball
2-1: Ball
3-1: Called Strike
3-2: Strikes out swinging
Batting: RHB Chris McBride 0-0: Ball
1-0: Swinging Strike
1-1: Foul Ball, location: 2F
1-2: Foul Ball, location: 2F
1-2: Strikes out swinging
Top of the 5th over - 0 run(s), 0 hit(s), 0 error(s), 0 left on base; Louisiana State 3 - Virginia 0
BOTTOM OF THE 5TH
Virginia Cavaliers batting - Pitching for Louisiana State Tigers : RHP Sam McDonald
Batting: RHB Rafael Ornelas 0-0: Swinging Strike
0-1: Ball
1-1: Foul Ball, location: 2F
1-2: Ground out 6-3 (Groundball, 6M)
Batting: RHB John Dorsey 0-0: Foul Ball, location: 2F
0-1: Foul Ball, location: 2F
0-2: Fly out, F7 (Line Drive, 7M)
Batting: RHB Ty Ford 0-0: Ball
1-0: Called Strike
1-1: Fly out, F9 (Popup, 34D)
Bottom of the 5th over - 0 run(s), 0 hit(s), 0 error(s), 0 left on base; Louisiana State 3 - Virginia 0
TOP OF THE 6TH
Louisiana State Tigers batting - Pitching for Virginia Cavaliers : RHP Doug Caine
Batting: LHB Steve Sanderson 0-0: Foul Ball, location: 2F
0-1: Ball
1-1: Ball
2-1: Called Strike
2-2: Foul Ball, location: 2F
2-2: Strikes out swinging
Batting: LHB Joaquín Ochoa 0-0: Called Strike
0-1: Called Strike
0-2: Ground out 5-3 (Groundball, 5S)
Batting: RHB Sergio Mata 0-0: Ball
1-0: Called Strike
1-1: Called Strike
1-2: Ball
2-2: SOLO HOME RUN (Flyball, 7LD), Distance : 313 ft
Batting: RHB George Arnold 0-0: Called Strike
0-1: SINGLE (Line Drive, 78S)
Batting: RHB Juan Carlos Ortega 0-0: Ball
1-0: Foul Ball, location: 2F
1-1: Called Strike
1-2: SINGLE (Groundball, 4M)
George Arnold to second
Runner from 2nd tries for 3rd, SAFE, throw made to third
Juan Carlos Ortega to second
Batting: RHB Clint Younger 0-0: Swinging Strike
0-1: Foul Ball, location: 2F
0-2: Strikes out looking
Top of the 6th over - 1 run(s), 3 hit(s), 0 error(s), 2 left on base; Louisiana State 4 - Virginia 0
BOTTOM OF THE 6TH
Virginia Cavaliers batting - Pitching for Louisiana State Tigers : RHP Sam McDonald
Batting: RHB David Crosby 0-0: Ball
1-0: Foul Ball, location: 2F
1-1: Foul Ball, location: 2F
1-2: Foul Ball, location: 2F
1-2: Ball
2-2: Ball
3-2: Base on Balls
Batting: RHB Flynn Green 0-0: Ground out 5-3 (Groundball, 5S)
David Crosby to second
Batting: LHB John Frost 0-0: Swinging Strike
0-1: Ball
1-1: Ball
2-1: Ball
3-1: Foul Ball, location: 2F
3-2: Ground out U3 (Groundball, 3L)
David Crosby to third
Batting: RHB Curt Owens 0-0: Ball
1-0: Ball
2-0: Foul Ball, location: 2F
2-1: SINGLE (Groundball, 6)
David Crosby scores
Batting: RHB John Warren 0-0: Ball
1-0: Foul Ball, location: 2F
1-1: Ball
2-1: Fly out, F7 (Flyball, 7M)
Bottom of the 6th over - 1 run(s), 1 hit(s), 0 error(s), 1 left on base; Louisiana State 4 - Virginia 1
TOP OF THE 7TH
Louisiana State Tigers batting - Pitching for Virginia Cavaliers : RHP Doug Caine
Batting: RHB Ashton Mitchell 0-0: Ball
1-0: Foul Ball, location: 2F
1-1: Ball
2-1: Ball
3-1: Foul Ball, location: 2F
3-2: Base on Balls
Batting: RHB Mike O'Brien 0-0: Ball
1-0: Called Strike
1-1: Swinging Strike
1-2: Ball
2-2: Fly out, F7 (Line Drive, 7M)
Pitching: RHP Bill Ward
Batting: RHB Chris McBride 0-0: Ball
1-0: Called Strike
1-1: Fly out, F8 (Flyball, 8LD)
Batting: LHB Steve Sanderson 0-0: Called Strike
0-1: Ball
1-1: Swinging Strike
1-2: Strikes out swinging
Top of the 7th over - 0 run(s), 0 hit(s), 0 error(s), 1 left on base; Louisiana State 4 - Virginia 1
BOTTOM OF THE 7TH
Virginia Cavaliers batting - Pitching for Louisiana State Tigers : RHP Sam McDonald
Batting: LHB José Márquez 0-0: Ball
1-0: Swinging Strike
1-1: Ball
2-1: Fly out, F9 (Flyball, 8RXD)
Pitching: RHP Emerson Catterall
Batting: RHB Rafael Ornelas 0-0: Fly out, F7 (Flyball, 78M)
Batting: RHB John Dorsey 0-0: Called Strike
0-1: Foul Ball, location: 2F
0-2: Ball
1-2: Ball
2-2: Strikes out swinging
Bottom of the 7th over - 0 run(s), 0 hit(s), 0 error(s), 0 left on base; Louisiana State 4 - Virginia 1
TOP OF THE 8TH
Louisiana State Tigers batting - Pitching for Virginia Cavaliers : RHP Bill Ward
Batting: LHB Joaquín Ochoa 0-0: Ball
1-0: Swinging Strike
1-1: Ball
2-1: Ball
3-1: SINGLE (Groundball, 4MD)
Batting: RHB Sergio Mata 0-0: Foul Ball, location: 2F
0-1: Fielders Choice at 2nd, 2-6 (Groundball, 2R)
Batting: RHB George Arnold 0-0: Foul Ball, location: 2F
0-1: Ball
1-1: Swinging Strike
1-2: SINGLE (Groundball, 5D)
Sergio Mata to second
Batting: RHB Juan Carlos Ortega 0-0: Ball
Throwing error on steal attempt, E2
Sergio Mata scores
George Arnold to third
1-0: Called Strike
1-1: Ball
2-1: Foul Ball, location: 2F
2-2: Ball
3-2: Ground out 6-3 (Groundball, 6)
George Arnold scores
Batting: RHB Clint Younger 0-0: Ball
1-0: Called Strike
1-1: Foul Ball, location: 2F
1-2: Strikes out swinging
Top of the 8th over - 2 run(s), 2 hit(s), 1 error(s), 0 left on base; Louisiana State 6 - Virginia 1
BOTTOM OF THE 8TH
Virginia Cavaliers batting - Pitching for Louisiana State Tigers : RHP Emerson Catterall
Now at 2B: Gary Sullivan
Batting: RHB Ty Ford 0-0: Ball
1-0: Foul Ball, location: 2F
1-1: SINGLE (Groundball, 6MD) (infield hit)
Batting: RHB David Crosby 0-0: Swinging Strike
0-1: Called Strike
0-2: Strikes out looking
Batting: RHB Flynn Green 0-0: Called Strike
0-1: Ball
1-1: Called Strike
1-2: Ball
2-2: Strikes out swinging
Batting: LHB John Frost 0-0: Ball
1-0: Called Strike
1-1: Ball
2-1: Called Strike
2-2: Strikes out looking
Bottom of the 8th over - 0 run(s), 1 hit(s), 0 error(s), 1 left on base; Louisiana State 6 - Virginia 1
TOP OF THE 9TH
Louisiana State Tigers batting - Pitching for Virginia Cavaliers : RHP Bill Ward
Batting: RHB Ashton Mitchell 0-0: Ball
1-0: Ball
2-0: Foul Ball, location: 2F
2-1: Swinging Strike
2-2: Foul Ball, location: 2F
2-2: Strikes out swinging
Batting: RHB Mike O'Brien 0-0: Called Strike
0-1: Ground out 1-3 (Groundball, 13S)
Batting: RHB Chris McBride 0-0: Ball
1-0: Called Strike
1-1: Swinging Strike
1-2: Strikes out swinging
Top of the 9th over - 0 run(s), 0 hit(s), 0 error(s), 0 left on base; Louisiana State 6 - Virginia 1
BOTTOM OF THE 9TH
Virginia Cavaliers batting - Pitching for Louisiana State Tigers : RHP Emerson Catterall
Pitching: LHP Jacob Jackson
Batting: RHB Curt Owens 0-0: Called Strike
0-1: Foul Ball, location: 2F
0-2: Ball
1-2: Ball
2-2: SINGLE (Groundball, 23) (infield hit)
Batting: RHB John Warren 0-0: Ball
1-0: Ball
2-0: 2-RUN HOME RUN (Flyball, 89XD), Distance : 378 ft
Batting: LHB José Márquez 0-0: Called Strike
0-1: Ball
1-1: Ball
2-1: Fly out, F7 (Flyball, 7M)
Batting: RHB Rafael Ornelas 0-0: Ball
1-0: Called Strike
1-1: Foul Ball, location: 2F
1-2: Ball
2-2: Foul Ball, location: 2F
2-2: Strikes out swinging
Batting: RHB John Dorsey 0-0: Ball
1-0: Ball
2-0: Ball
3-0: Called Strike
3-1: Called Strike
3-2: Foul Ball, location: 2F
3-2: Strikes out looking
Bottom of the 9th over - 2 run(s), 2 hit(s), 0 error(s), 0 left on base; Louisiana State 6 - Virginia 3
This league is powered by Out of the Park Baseball, the baseball management simulation game for PC, Mac and Linux
Wednesday, December 2nd, 2015 - OOTP Baseball 16.8 Build 38